 Dungeon Crawl Stone Soup version 0.30-a0-234-g97d66968fd (webtiles) character file.

Game seed: 12373884444290734962

149 qw the Chopper (level 5, -4/32 HPs)
             Began as a Gargoyle Fighter on Oct 10, 2022.
             Slain by Duvessa
             ... wielding a +1 rapier of speed
              (9 damage)
             ... on level 4 of the Dungeon.
             The game lasted 00:01:20 (2439 turns).

qw the Chopper (Gargoyle Fighter)                   Turns: 2439, Time: 00:01:20

Health: -4/32      AC: 17    Str: 22    XL:     5   Next: 31%
Magic:  5/5        EV:  7    Int:  8    God:
Gold:   168        SH:  4    Dex:  9    Spells: 4/4 levels left

rFire   . . .      SeeInvis .    Y - +1 war axe
rCold   . . .      Faith    .    c - +0 buckler
rNeg    + . .      Spirit   .    m - +0 chain mail
rPois   inf        Reflect  .    q - +0 helmet
rElec   +          Harm     .    g - +1 cloak
rCorr   .          Rampage  .    i - +0 pair of gloves
Will    .....                    (no boots)
Stlth   ..........               s - amulet of regeneration
HPRegen 1.05/turn                (no ring)
MPRegen 0.09/turn                (no ring)

@: about to teleport
A: sickness immunity, AC +4, negative energy resistance 1, electricity
resistance, torment resistance 1, petrification resistance
a: no special abilities


You were on level 4 of the Dungeon.
You visited 1 branch of the dungeon, and saw 4 of its levels.

You collected 168 gold pieces.


Innate Abilities, Weirdness & Mutations

You are immune to sickness and miasma.
Your stone body is resilient. (AC +4)
You are immune to poison.
You resist negative energy. (rN+)
You are resistant to electric shocks. (rElec)
You are resistant to unholy torment.
You are immune to petrification.


   Skills:
 - Level 3.2 Fighting
 + Level 4.9 Axes
 - Level 3.2 Armour
 - Level 3.2 Shields


You had 4 spell levels left.
You didn't know any spells.
Your spell library was empty.

Inventory:

Hand Weapons
 f - a +0 whip
 Y - a +1 war axe (weapon)
Missiles
 t - a boomerang (quivered)
Armour
 c - a +0 buckler (worn)
 g - a +1 cloak (worn)
 i - a +0 pair of gloves (worn)
 m - a +0 chain mail (worn)
 q - a +0 helmet (worn)
Jewellery
 s - an amulet of regeneration (around neck)
Potions
 d - 2 potions of might
 e - a potion of curing
 h - a potion of heal wounds {unknown}
 k - a potion of degeneration {unknown}
 n - a potion of brilliance {unknown}
 p - a potion of flight {unknown}
 r - a potion of invisibility {unknown}
 u - a potion of resistance {unknown}

Dungeon Overview and Level Annotations

Branches:
Dungeon (4/15)
 Temple: D:4-7

Altars:
Ru

Annotations:
D:2 1 runed translucent door, Crazy Yiuf
D:3 3 runed translucent doors, qw's ghost, amateur GrFi
D:4 Dowan; Duvessa


Message History

Duvessa hits you with a +1 rapier of speed.
The giant cockroach bites you.
The scorpion stings you but does no damage.
You closely miss the scorpion.
The scorpion is severely wounded.
You hit the giant cockroach.
You kill the giant cockroach!
You slash Duvessa! Duvessa closely misses you.
The scorpion stings you but does no damage.
Duvessa hits you with a +1 rapier of speed!
Dowan hits you but does no damage.
You hit the scorpion.
The scorpion is almost dead.
You hit Duvessa. You completely miss Dowan.
The scorpion stings you but does no damage.
Duvessa hits you but does no damage.
The scorpion stings you but does no damage.
Dowan hits you with a +2 dagger of venom!
Duvessa hits you with a +1 rapier of speed.
You barely miss the scorpion.
The scorpion is almost dead.
You barely miss Dowan. You hit Duvessa but do no damage.
The scorpion barely misses you. Duvessa hits you but does no damage.
Dowan points at Duvessa and mumbles some strange words.
Duvessa seems to speed up.
Duvessa hits you with a +1 rapier of speed!
2438 ||| READING scroll of teleportation.
As you read the scroll of teleportation, it crumbles to dust.
You feel strangely unstable. The scorpion barely misses you.
Duvessa hits you with a +1 rapier of speed.
Dowan hits you with a +2 dagger of venom.
Duvessa hits you but does no damage.
The scorpion stings you but does no damage.
You slash the scorpion!
You kill the scorpion!
You hit Dowan. You closely miss Duvessa.
Duvessa hits you with a +1 rapier of speed!
You die...

.# .. #
###.# #.
..#.#
..####.#.#
..
.........+
....
#...#.#.....
#..e@.......
#..e .. ..
#.#.. .# .
#.#.. ## #
#..


You could see Duvessa (fast) and Dowan (strong).

Vanquished Creatures
  A scorpion (D:4)
  Robin (D:3)
  2 adders
  2 worms
  2 dart slugs (D:2)
  9 orcs (D:3)
  2 bats (D:2)
  4 endoplasms
  4 giant cockroaches
  7 hobgoblins
  11 jackals
  7 kobolds
  3 quokkas
  8 ball pythons
  7 frilled lizards
  18 goblins
  6 rats
94 creatures vanquished.

Notes
Turn   | Place    | Note
-------+----------+-------------------------------------------
     0 | D:1      | qw the Gargoyle Fighter began the quest for the Orb.
     0 | D:1      | Reached XP level 1. HP: 14/14 MP: 1/1
     0 | D:1      | 0 ||| qw: Version: 0.2-a-17-g06abaee
     0 | D:1      | 0 ||| qw: Game counter: 2349
     0 | D:1      | 0 ||| qw: Always use a shield: true
     0 | D:1      | 0 ||| qw: God list: Okawaru
     0 | D:1      | 0 ||| qw: Allow faded altars: false
     0 | D:1      | 0 ||| qw: Do Orc after D:15 true
     0 | D:1      | 0 ||| qw: Do second Lair branch before Depths: true
     0 | D:1      | 0 ||| qw: Lair rune preference: random
     0 | D:1      | 0 ||| qw: Plans: Normal, Zot:1-4, God:TSO, Crypt, Tomb,
                  | Pan, Slime:5, Hells, Abyss, Orb
     0 | D:1      | 0 ||| PLANNING D:1-11
    61 | D:1      | Reached skill level 2 in Axes
    82 | D:1      | 82 ||| Stepping ~*~*~tactically~*~*~ (stealth).
    90 | D:1      | 90 ||| Stepping ~*~*~tactically~*~*~ (stealth).
   108 | D:1      | Reached XP level 2. HP: 19/19 MP: 2/2
   120 | D:1      | 120 ||| DROPPING +0 club.
   576 | D:1      | Reached skill level 3 in Axes
   845 | D:1      | 845 ||| UPGRADING to +1 cloak.
   850 | D:1      | 850 ||| UPGRADING to +0 pair of gloves.
   855 | D:1      | 855 ||| READING scroll labelled HEECUL ITACO.
   856 | D:1      | 856 ||| READING scroll labelled LACUYCIHEPP.
   903 | D:2      | Reached XP level 3. HP: 23/23 MP: 3/3
   929 | D:2      | Found a faded altar of an unknown god.
   951 | D:2      | Found a runed translucent door.
   952 | D:2      | Noticed Crazy Yiuf
  1207 | D:2      | 1207 ||| Stepping ~*~*~tactically~*~*~ (stealth).
  1212 | D:2      | 1212 ||| Stepping ~*~*~tactically~*~*~ (stealth).
  1216 | D:2      | 1216 ||| Stepping ~*~*~tactically~*~*~ (hiding).
  1217 | D:2      | 1217 ||| Stepping ~*~*~tactically~*~*~ (hiding).
  1259 | D:2      | 1259 ||| Stepping ~*~*~tactically~*~*~ (stealth).
  1275 | D:2      | 1275 ||| Stepping ~*~*~tactically~*~*~ (stealth).
  1318 | D:2      | Reached XP level 4. HP: 24/28 MP: 4/4
  1384 | D:2      | 1384 ||| Stepping ~*~*~tactically~*~*~ (stealth).
  1547 | D:2      | 1547 ||| UPGRADING to amulet of guardian spirit.
  1552 | D:2      | 1552 ||| READING 2 scrolls labelled DEKUPOHERI.
  1568 | D:2      | 1568 ||| READING 2 scrolls labelled DYUTET EZAR.
  1569 | D:2      | 1569 ||| READING scroll labelled OVILECREEG.
  1570 | D:2      | 1570 ||| READING scroll labelled WIEHEUCHA DOAX.
  1571 | D:2      | 1571 ||| DRINKING 2 fuming grey potions.
  1572 | D:2      | 1572 ||| DRINKING 2 murky amethyst potions.
  1677 | D:2      | 1677 ||| DROPPING scroll of poison.
  1678 | D:2      | 1678 ||| DROPPING potion of berserk rage.
  1717 | D:3      | Reached skill level 4 in Axes
  1868 | D:3      | Found a sacrificial altar of Ru.
  1872 | D:3      | 1872 ||| Stepping ~*~*~tactically~*~*~ (stealth).
  1993 | D:3      | Found a runed translucent gate.
  1994 | D:3      | Found a runed translucent gate.
  1995 | D:3      | Found a runed translucent gate.
  1997 | D:3      | Noticed qw's ghost (amateur GrFi)
  2014 | D:3      | Noticed Robin
  2023 | D:3      | Killed Robin
  2024 | D:3      | Reached XP level 5. HP: 26/32 MP: 3/5
  2130 | D:3      | 2130 ||| Stepping ~*~*~tactically~*~*~ (stealth).
  2132 | D:3      | 2132 ||| Stepping ~*~*~tactically~*~*~ (stealth).
  2147 | D:3      | 2147 ||| Stepping ~*~*~tactically~*~*~ (stealth).
  2183 | D:3      | 2183 ||| Stepping ~*~*~tactically~*~*~ (hiding).
  2382 | D:3      | 2382 ||| UPGRADING to +0 chain mail.
  2392 | D:3      | 2392 ||| DROPPING +0 scale mail.
  2393 | D:3      | 2393 ||| UPGRADING to +0 helmet.
  2398 | D:3      | 2398 ||| UPGRADING to amulet of regeneration.
  2408 | D:3      | 2408 ||| DROPPING amulet of guardian spirit.
  2409 | D:3      | 2409 ||| READING scroll labelled ROTO VADDILL.
  2410 | D:3      | 2410 ||| READING scroll labelled WEIPLI UMMAILE.
  2427 | D:4      | Noticed Duvessa
  2427 | D:4      | Noticed Dowan
  2428 | D:4      | 2428 ||| Stepping ~*~*~tactically~*~*~ (hiding).
  2437 | D:4      | HP: 6/32 [Duvessa/+1 rapier of speed (9)]
  2438 | D:4      | 2438 ||| READING scroll of teleportation.
  2439 | D:4      | Slain by Duvessa

Levels and vault maps discovered:
D:1:      elethiomel_arrival_maze, layout_loops_ring
D:2:      layout_rooms, basic_ecumenical_altar, minmay_between,
          uniq_crazy_yiuf_cottage
D:3:      layout_basic, nicolae_ru_great_annihilating_truth,
          gammafunk_ghost_necromancy, uniq_robin
D:4:      layout_basic, grunt_temple_overflow_opulence, kennysheep_little_box,
          grunt_decor_resistance, nicolae_elemental_shop, uniq_edmund,
          uniq_grinder, uniq_duvessa, uniq_pikel

Skill      XL: |  1  2  3  4 |
---------------+-------------+-----
Axes           | 2 3 4 |  4.9
Fighting       | |  3.2
Armour         | |  3.2
Shields        | |  3.2

Action                   |  1- 3 |  4- 6 || total
-------------------------+-------+-------++-------
Melee: War axe           |   143 |   118 ||   261
Throw: Boomerang         |       |     2 ||     2
  Use: Scroll            |     2 |     7 ||     9
       Potion            |       |     2 ||     2
 Stab: Paralysed         |       |     1 ||     1
Armor: Scale mail        |    68 |    58 ||   126
       Chain mail        |       |    14 ||    14
Dodge: Dodged            |    66 |    55 ||   121
Block: Buckler           |    20 |    16 ||    36

Table legend:
 A = Non-vault XP
 B = Vault XP
 C = Vault XP percentage of total XP
 D = Non-vault monster count
 E = Vault monster count
 F = Vault count percentage of total count
                 A         B        C        D         E       F
            +---------+---------+-------+---------+---------+-------
      Total |     255 |      46 |  15.3 |      76 |      18 |  19.1
            +---------+---------+-------+---------+---------+-------
        D:1 |      33 |       0 |   0.0 |      21 |       0 |   0.0
        D:2 |      55 |       8 |  12.7 |      23 |       4 |  14.8
        D:3 |      77 |      38 |  33.0 |      29 |      14 |  32.6
        D:4 |      90 |       0 |   0.0 |       3 |       0 |   0.0
            +---------+---------+-------+---------+---------+-------
